 Dungeon Crawl Stone Soup version 0.27.1-34-g3ba077fa99 (webtiles) character file.

Game seed: 13737592331143259416

55819 Cykl0x the Carver (level 14, 0/70 (88) HPs)
             Began as a Gargoyle Gladiator on Jan 10, 2022.
             Was a High Priest of the Shining One.
             Slain by a seven-headed hydra (10 damage)
             ... on level 13 of the Dungeon.
             The game lasted 00:35:59 (14091 turns).

Cykl0x the Carver (Gargoyle Gladiator)             Turns: 14091, Time: 00:35:59

HP:   0/70 (88)     AC: 30    Str: 20    XL:     14   Next: 79%
MP:   20/20         EV:  7    Int: 18    God:    the Shining One [*****.]
Gold: 3194          SH: 23    Dex: 17    Spells: 22/22 levels left

rFire    + . .     SeeInvis .   E - +0 dagger (venom)
rCold    + . .     Faith    .   d - +0 tower shield
rNeg     + + +     Spirit   .   T - +3 plate armour "Higuun" {rF+ rC+ Str-3 Int+9}
rPois    ∞         Reflect  +   c - +0 helmet
rElec    +         Harm     .   D - scarf {shadows}
rCorr    .         Rampage  .   (no gloves)
Will     +....                  u - +0 pair of boots
Stlth    ..........             p - amulet of reflection
HPRegen  0.21/turn              A - +6 ring of dexterity
MPRegen  0.17/turn              (no ring)

@: flying, glowing, heavily drained
A: sickness immunity, AC +10, big wings, negative energy resistance 1,
electricity resistance, torment resistance 1, petrification resistance
a: Renounce Religion, Divine Shield, Cleansing Flame, Summon Divine Warrior


You were on level 13 of the Dungeon.
You worshipped the Shining One.
The Shining One was extremely pleased with you.
You visited 2 branches of the dungeon, and saw 16 of its levels.
You also visited: Sewer.

You collected 3224 gold pieces.
You spent 30 gold pieces at shops.

Inventory:

Hand Weapons
 E - a +0 dagger of venom (weapon)
 H - a +5 scimitar
Missiles
 h - 376 stones
 j - 84 poisoned darts
 J - 5 silver javelins
 O - 8 javelins (quivered)
Armour
 c - a +0 helmet (worn)
 d - a +0 tower shield (worn)
 s - a +1 kite shield
 u - a +0 pair of boots (worn)
 D - a scarf of shadows (worn)
 N - the +0 ring mail "Unay" {Rampage Drain rPois Regen+ Int+4}
   (You found it on level 10 of the Dungeon)

   Int:       It affects your intelligence (+4).
   rPois:     It protects you from poison.
   Regen:     It increases your rate of health regeneration.
   Drain:     It drains your maximum health when unequipped.
   Rampage:   It bestows one free step when moving towards enemies.
 T - the +3 plate armour "Higuun" (worn) {rF+ rC+ Str-3 Int+9}
   (You found it on level 15 of the Dungeon)

   Str:       It affects your strength (-3).
   Int:       It affects your intelligence (+9).
   rF:        It protects you from fire.
   rC:        It protects you from cold.
Jewellery
 i - an amulet of guardian spirit
 p - an amulet of reflection (around neck)
 t - the necklace of Bloodlust {*Rage +Rage Will++ Int-3 Slay+6}
   (You found it on level 12 of the Dungeon)

   [amulet of nothing]

   It extends the wearer's berserk rage when killing foes.
   Int:       It affects your intelligence (-3).
   Slay:      It affects your accuracy & damage with ranged weapons and melee
   (+6).
   +Rage:     It lets you go berserk.
   *Rage:     It may make you go berserk in combat.
   Will:      It greatly increases your willpower.
 A - a +6 ring of dexterity (left hand)
 I - an amulet of faith
 Q - a +6 ring of dexterity
Wands
 b - a wand of charming (14)
 z - a wand of digging (3)
 C - a wand of flame (93)
 L - a wand of iceblast (30)
 S - a wand of polymorph (5)
Scrolls
 g - 8 scrolls of identify
 l - 3 scrolls of teleportation
 o - 3 scrolls of fog
 r - 2 scrolls of blinking
 v - 3 scrolls of fear
 y - 4 scrolls of immolation
 F - a scroll of summoning
 K - a scroll of amnesia
 M - 2 scrolls of enchant weapon
 P - a scroll of enchant armour
Potions
 a - 2 potions of cancellation
 e - a potion of heal wounds
 f - 3 potions of brilliance
 k - 6 potions of curing
 m - 3 potions of degeneration
 n - 2 potions of ambrosia
 q - 2 potions of berserk rage
 w - 2 potions of lignification
 x - a potion of attraction
 B - 4 potions of haste
 G - 2 potions of resistance
 R - a potion of mutation


   Skills:
 + Level 10.7 Fighting
 + Level 0.7(8.3) Short Blades
 + Level 12.6 Long Blades
 + Level 6.1 Throwing
 + Level 9.3 Armour
 + Level 7.6 Dodging
 + Level 11.6 Shields
 + Level 4.6 Spellcasting
 + Level 9.3 Invocations
 + Level 0.1 Evocations


You had 22 spell levels left.
You didn't know any spells.
Your spell library contained the following spells:

 Spells                   Type           Power      Damage    Failure   Level
 Magic Dart               Conj           16%        1d3       100%        1
 Shock                    Conj/Air       16%        1d4       100%        1
 Searing Ray              Conj           8%         3d3       100%        2
 Slow                     Hex            4%         N/A       100%        2
 Confusing Touch          Hex            4%         N/A       100%        3
 Swiftness                Air            4%         N/A       100%        3
 Airstrike                Air            2%         N/A       100%        4
 Fulminant Prism          Conj/Hex       2%         3d6       100%        4
 Leda's Liquefaction      Hex/Erth       2%         N/A       100%        4
 Bolt of Magma            Conj/Fire/Erth 2%         4d4       100%        5
 Yara's Violent Unravell  Hex/Tmut       2%         3d3       100%        5
 Statue Form              Tmut/Erth      Unusable   N/A       N/A         6

Dungeon Overview and Level Annotations

Branches:
Dungeon (15/15)            Temple (1/1) D:7            Lair (0/6) D:9
    Orc (0/2) D:11         Vaults (0/5) D:13         Depths (0/5) D:15
  Sewer (visited)

Altars:
Ashenzari
Cheibriados
Dithmenos
Elyvilon
Fedhas
Gozag
Hepliaklqana
Kikubaaqudgha
Makhleb
Nemelex Xobeh
Okawaru
Qazlal
Sif Muna
Trog
Uskayaw
Wu Jian
Xom
Zin
The Shining One

Shops:
D:2 *   D:4 (   D:9 *   D:14 (

Portals:
Trove: D:11 (give horn of Geryon)

Annotations:
D:14 3 runed translucent doors, Qymaymp's ghost, adept GrEE


Innate Abilities, Weirdness & Mutations

You are immune to sickness and miasma.
Your stone body is resilient. (AC +10)
You are immune to poison.
Your large and strong wings let you fly.
You resist negative energy. (rN+)
You are resistant to electric shocks. (rElec)
You are resistant to unholy torment.
You are immune to petrification.


Message History

You block the seven-headed hydra's attack.
You hit the seven-headed hydra.
The seven-headed hydra is heavily wounded.
You hit the seven-headed hydra.
The seven-headed hydra is heavily wounded.
You block the seven-headed hydra's attack.
The seven-headed hydra bites you but does no damage. x2
The seven-headed hydra barely misses you.
You block the seven-headed hydra's attack.
The seven-headed hydra bites you but does no damage. x2
You throw a javelin.
The javelin pierces through the seven-headed hydra!
The seven-headed hydra is severely wounded.
The seven-headed hydra bites you.
You block the seven-headed hydra's attack.
The seven-headed hydra bites you but does no damage.
You block the seven-headed hydra's attack.
The seven-headed hydra bites you but does no damage.
The seven-headed hydra bites you! x2
* * * LOW HITPOINT WARNING * * *
You block the seven-headed hydra's attack.
The seven-headed hydra bites you but does no damage.
The seven-headed hydra barely misses you.
You block the seven-headed hydra's attack.
The seven-headed hydra bites you but does no damage. x2
The seven-headed hydra bites you.
* * * LOW HITPOINT WARNING * * *
You are too injured to fight recklessly!
Aiming: Throw Flame
Press: ? - help, Shift-Dir - straight line, f/p - seven-headed hydra
Aim: a seven-headed hydra (severely wounded, poisoned, haloed, 93% to hit)
The puff of flame hits the seven-headed hydra.
The seven-headed hydra is severely wounded.
You block the seven-headed hydra's attack. x3
The seven-headed hydra bites you but does no damage.
The seven-headed hydra bites you!
* * * LOW HITPOINT WARNING * * *
The seven-headed hydra bites you but does no damage.
The seven-headed hydra bites you!
You die...

#.# #.......###...#...#
##. #.# #.......#
#.......####.. #.#
#.......###.....#.......
#.#
#.......##.........##..#
#.#
#.........).....#..##.##
#.#
#.....>.........#.....#
#.#
#..........#..####...##
#.#
#######D####.)...(...##
#.# #@####...[.##(..##
#.# #.##......)(.....#
#.# #..#.#####)(#....#
#.# ###...######..(.#..
#.# ##.....#.....##.)###
#.#
##.....).......#...##
#.#
#.......>............
##.#
#....................
#..#
#....................


You could see a seven-headed hydra (poisoned).

Vanquished Creatures
  A stone giant (D:15)
  5 vault guards (D:13)
  2 boulder beetles
  3 hydras
  An ogre mage (D:15)
  2 catoblepae
  2 centaur warriors (D:13)
  13 two-headed ogres
  2 death knights
  A tengu warrior (D:15)
  Urug (D:12)
  2 deep trolls (D:15)
  3 wizards
  4 deep elf pyromancers
  A phantasmal warrior (D:13)
  7 cyclopes
  11 ugly things
  3 manticores
  2 gargoyles
  Psyche (D:11)
  A komodo dragon (D:12)
  3 freezing wraiths
  An unseen horror (D:12)
  A kobold demonologist (D:13)
  A tengu conjurer (D:15)
  5 trolls
  9 meliai
  A hornet (D:9)
  14 slime creatures
  A wolf spider simulacrum (D:15)
  A shadow (D:11)
  5 wraiths
  7 humans (D:13)
  21 yaks
  A basilisk (D:12)
  8 vampire mosquitoes
  3 steam dragons
  2 acid dragons
  A water moccasin (D:6)
  Purgy (Sewer)
  3 sky beasts
  2 ice beasts (D:6)
  7 orc warriors
  8 ogres
  A necrophage (D:7)
  8 centaurs
  A phantom (D:11)
  5 kobold brigands
  A bullfrog (D:7)
  A gnoll sergeant (D:13)
  2 two-headed ogre simulacra (D:13)
  A scorpion (D:5)
  4 killer bees (D:5)
  2 troll zombies (D:11)
  7 wights
  A lava snake (D:15)
  2 centaur zombies
  2 hounds (D:6)
  A jelly (D:6)
  3 gnoll shamans (D:8)
  5 orc priests
  A bullfrog skeleton (D:5)
  A centaur skeleton (D:5)
  4 iguanas
  5 orc wizards
  2 troll simulacra (D:13)
  A spriggan simulacrum (D:13)
  5 ogre zombies (D:11)
  A hound skeleton (D:5)
  5 adders
  24 gnolls
  A naga simulacrum (D:13)
  3 white imps
  An ufetubus (D:4)
  3 dart slugs
  21 orcs
  9 endoplasms
  3 giant cockroaches (D:3)
  4 goblins
  5 hobgoblins
  4 ball pythons
  4 bats
  5 frilled lizards
  2 goblin skeletons (D:11)
  8 kobolds
  4 orc skeletons (D:11)
  18 orc zombies (D:11)
  3 rats
368 creatures vanquished.

Vanquished Creatures (others)
  A rakshasa (D:15)
  A cane toad simulacrum (D:13)
  A two-headed ogre simulacrum (D:13)
  An orc (D:8)
  An orc skeleton (D:11)
  A fire vortex (D:15)
  2 plants (D:8)
8 creatures vanquished.

Grand Total: 376 creatures vanquished

Notes
Turn   | Place    | Note
-------+----------+-------------------------------------------
     0 | D:1      | Cykl0x the Gargoyle Gladiator began the quest for the Orb.
     0 | D:1      | Reached XP level 1. HP: 12/12 MP: 1/1
   102 | D:1      | Found a faded altar of an unknown god.
   245 | D:1      | Reached XP level 2. HP: 17/17 MP: 2/2
   283 | D:1      | Reached skill level 3 in Long Blades
   851 | D:2      | Found a broken altar of Ashenzari.
   907 | D:2      | Found Asyciott's General Store.
   910 | D:2      | Bought a potion of curing for 30 gold pieces
  1076 | D:2      | Reached skill level 1 in Armour
  1076 | D:2      | Reached XP level 3. HP: 22/22 MP: 3/3
  1866 | D:2      | Reached XP level 4. HP: 27/27 MP: 4/4
  2022 | D:3      | Found a glowing drain.
  2040 | Sewer    | Entered a sewer
  2202 | Sewer    | Noticed Purgy
  2223 | Sewer    | Killed Purgy
  2224 | Sewer    | Reached XP level 5. HP: 18/31 MP: 1/5
  2422 | Sewer    | Reached skill level 6 in Long Blades
  2422 | Sewer    | Reached skill level 5 in Dodging
  2422 | Sewer    | Reached XP level 6. HP: 42/42 MP: 5/12
  3173 | D:4      | Reached XP level 7. HP: 47/47 MP: 13/13
  3272 | D:4      | Found Icoadoq's Antique Weapon Boutique.
  3762 | D:4      | Found a bloodstained altar of Trog.
  3762 | D:4      | Found a shadowy altar of Dithmenos.
  3767 | D:4      | Found a faded altar of an unknown god.
  3769 | D:4      | Found an ancient bone altar of Kikubaaqudgha.
  3770 | D:4      | Found an opulent altar of Gozag.
  3921 | D:5      | Entered Level 5 of the Dungeon
  4098 | D:5      | Reached XP level 8. HP: 52/52 MP: 14/14
  4107 | D:5      | Reached skill level 1 in Shields
  5023 | D:6      | Reached skill level 7 in Long Blades
  5023 | D:6      | Reached XP level 9. HP: 56/56 MP: 15/15
  5587 | D:7      | Found a staircase to the Ecumenical Temple.
  5598 | Temple   | Entered the Ecumenical Temple
  5647 | Temple   | Became a worshipper of the Shining One
  5687 | D:7      | Found a sparkling altar of Nemelex Xobeh.
  6182 | D:7      | Identified a scroll of acquirement
  6182 | D:7      | Acquired 1136 gold pieces
  6288 | D:8      | Noticed a two-headed ogre
  6316 | D:7      | Reached skill level 1 in Invocations
  6370 | D:7      | Killed a two-headed ogre
  6371 | D:7      | Reached XP level 10. HP: 63/63 MP: 16/16
  6748 | D:8      | Reached * piety under the Shining One
  7136 | D:8      | Reached skill level 8 in Long Blades
  7450 | D:8      | Found an ornate altar of the Wu Jian Council.
  7669 | D:9      | Noticed a two-headed ogre
  7676 | D:9      | Killed a two-headed ogre
  7701 | D:9      | Found a staircase to the Lair.
  7966 | D:9      | Reached ** piety under the Shining One
  8017 | D:9      | Found Kucyi's Neck Hole.
  8387 | D:10     | Entered Level 10 of the Dungeon
  8452 | D:10     | Noticed a two-headed ogre
  8461 | D:10     | Killed a two-headed ogre
  8462 | D:10     | Reached XP level 11. HP: 66/67 MP: 17/17
  8527 | D:10     | Reached skill level 5 in Shields
  8662 | D:10     | Identified the +0 ring mail "Unay" {Rampage Drain rPois
                  | Regen+ Int+4}
  8898 | D:11     | Noticed a cyclops
  8906 | D:11     | Killed a cyclops
  8943 | D:10     | Reached skill level 9 in Long Blades
  8992 | D:11     | Noticed Psyche
  8993 | D:11     | Noticed a boulder beetle
  8998 | D:11     | Found a staircase to the Orcish Mines.
  8998 | D:11     | Reached *** piety under the Shining One
  9008 | D:11     | Killed Psyche
  9078 | D:11     | Killed a boulder beetle
  9079 | D:11     | Reached skill level 5 in Invocations
  9093 | D:11     | Reached **** piety under the Shining One
  9179 | D:11     | Found a portal to a secret trove of treasure.
  9406 | D:11     | Noticed a two-headed ogre
  9439 | D:11     | Killed a two-headed ogre
  9587 | D:11     | Noticed a two-headed ogre
  9595 | D:11     | Killed a two-headed ogre
  9596 | D:11     | Reached XP level 12. HP: 73/73 MP: 18/18
  9764 | D:11     | Acquired 935 gold pieces
  9854 | D:12     | Reached skill level 10 in Long Blades
  9974 | D:12     | Reached skill level 5 in Throwing
 10075 | D:12     | Found the necklace of Bloodlust {*Rage +Rage Will++ Int-3
                  | Slay+6}
 10084 | D:12     | Noticed a seven-headed hydra
 10091 | D:12     | Killed a seven-headed hydra
 10168 | D:12     | Noticed a two-headed ogre
 10174 | D:12     | Killed a two-headed ogre
 10225 | D:12     | Noticed Urug
 10226 | D:12     | Noticed a two-headed ogre
 10254 | D:12     | Killed a two-headed ogre
 10263 | D:12     | Killed Urug
 10372 | D:12     | Noticed a two-headed ogre
 10380 | D:12     | Killed a two-headed ogre
 10507 | D:12     | Noticed a seven-headed hydra
 10521 | D:12     | Killed a seven-headed hydra
 10616 | D:12     | You fall into a shaft and drop 3 floors!
 10616 | D:15     | Entered Level 15 of the Dungeon
 10620 | D:15     | Found a hide-covered altar of Uskayaw.
 10657 | D:15     | Reached XP level 13. HP: 80/80 MP: 19/19
 10739 | D:14     | Found a stormy altar of Qazlal.
 10742 | D:14     | Identified the +7 war axe of Proximity {vorpal, Str+3}
 10778 | D:13     | Noticed a vault guard
 10778 | D:13     | Noticed a vault guard
 10778 | D:13     | Noticed a vault guard
 10784 | D:13     | Noticed a vault guard
 10784 | D:13     | Noticed a vault guard
 10794 | D:13     | Killed a vault guard
 10807 | D:13     | Killed a vault guard
 10808 | D:13     | Reached skill level 11 in Long Blades
 10831 | D:13     | Killed a vault guard
 10842 | D:13     | Killed a vault guard
 10860 | D:13     | Killed a vault guard
 10886 | D:13     | Found a gate to the Vaults.
 11358 | D:13     | Found a frozen archway.
 11361 | D:13     | You fall into a shaft and drop 2 floors!
 11505 | D:14     | Found a runed translucent gate.
 11505 | D:14     | Found a runed translucent gate.
 11505 | D:14     | Found a runed translucent gate.
 11506 | D:14     | Noticed Qymaymp's ghost (adept GrEE)
 11507 | D:14     | Noticed a minotaur
 11578 | D:14     | Reached ***** piety under the Shining One
 11593 | D:14     | Reached skill level 10 in Fighting
 11603 | D:14     | Reached skill level 10 in Shields
 11642 | D:14     | Found Peeloeck's Antique Weapon Boutique.
 11652 | D:13     | Found a snail-covered altar of Cheibriados.
 11745 | D:13     | Gained mutation: Your large and strong wings let you fly.
                  | [Gargoyle growth]
 11745 | D:13     | Reached XP level 14. HP: 88/88 MP: 17/20
 12164 | D:12     | Reached skill level 12 in Long Blades
 12686 | D:14     | Found the +2 ratskin cloak {*Rats rPois rN+ Str-1 Int-1
                  | Dex+1}
 13212 | D:15     | Noticed a stone giant
 13222 | D:15     | Killed a stone giant
 13280 | D:15     | Found a staircase to the Depths.
 13993 | D:15     | Identified the +3 plate armour "Higuun" {rF+ rC+ Str-3
                  | Int+9}
 14091 | D:13     | Slain by a seven-headed hydra

Illustrated notes

Levels and vault maps discovered:
D:1:      dpeg_arrival_three_smaller_balls, layout_basic,
          ebering_ecumenical_altar_abandoned
D:2:      layout_basic, basic_altar, serial_shops, nicolae_shop_behind_doors
D:3:      layout_loops_ring, portal_sewer_entry_d, kennysheep_cluttered_room
D:4:      layout_loops_cross, chequers_temple_overflow_minitemple, serial_shops,
          kennysheep_mini_moat
D:5:      layout_loops_ring, kennysheep_opposing_triangles
D:6:      layout_basic
D:7:      layout_rooms, nemelex_xobeh_ov_fountains_minmay,
          minmay_temple_entry_mini_moons
D:8:      kennysheep_seaside_town, layout_cave_pools,
          nicolae_overflow_hidden_temple
D:9:      layout_roguey, lair_entry_dummy, nicolae_shop_sticking_my_neck_out
D:10:     layout_rooms
D:11:     layout_rooms, zombieorc2_lemuel, nicolae_trove_entry_columns,
          blue_anna_alchemist, uniq_psyche
D:12:     minmay_the_grid_square_5x5_3x3
          [minmay_the_grid_square_5x5_three_walls, minmay_the_grid_square_5x5_n,
          minmay_the_grid_square_5x5_two_small,
          minmay_the_grid_square_5x5_eight,
          minmay_the_grid_square_5x5_megaprize_hollow,
          minmay_the_grid_square_5x5_intrusive_squares,
          minmay_the_grid_square_5x5_v, minmay_the_grid_square_5x5_inset,
          minmay_the_grid_square_5x5_bridge], layout_gridville,
          hangedman_decor_lopped, uniq_urug
D:13:     layout_rooms, ximxim_vaults_locker_room,
          portal_ice_cave_entry_ice_simulacra, cheibriados_altar_1
D:14:     layout_loops_ring, nicolae_qazlal_scattered_showers,
          maelrawn_ghost_gauntlet_escape, nicolae_stop_n_shop_2
D:15:     hangedman_depths_entry_civil_slaughter, layout_basic,
          nicolae_uskayaw_suspiria
Temple:   kb_temple_of_zot

Skill      XL: |  1  2  3  4  5  6  7  8  9 10 11 12 13 14 |
---------------+-------------------------------------------+-----
Long Blades    | 3 6 7 8 9 10 11 12 | 12.6
Throwing       | 2 3 4 5 6 |  6.1
Armour         | 1 2 6 7 8 9 |  9.3
Dodging        | 3 5 6 7 |  7.6
Fighting       | 6 7 8 9 10 | 10.7
Spellcasting   | 4 |  4.6
Shields        | 2 3 4 6 8 10 11 | 11.6
Invocations    | 1 3 5 7 9 |  9.3
Short Blades   | |  0.7
Evocations     | |  0.1

Action                   |  1- 3 |  4- 6 |  7- 9 | 10-12 | 13-15 || total
-------------------------+-------+-------+-------+-------+-------++-------
Melee: Long sword        |    46 |    84 |   299 |       |       ||   429
       Scimitar          |       |       |    26 |   544 |   521 ||  1091
       Dagger            |       |       |       |     3 |    14 ||    17
Throw: Dart              |    38 |    37 |    82 |    46 |    19 ||   222
       Stone             |     3 |    13 |    12 |     1 |       ||    29
       Throwing net      |       |       |     4 |     4 |       ||     8
       Javelin           |       |       |       |    44 |    31 ||    75
Invok: Divine Shield     |       |       |       |     6 |     6 ||    12
       Cleansing Flame   |       |       |       |     1 |     7 ||     8
Evoke: Wand              |       |       |       |     3 |     4 ||     7
  Use: Scroll            |     3 |     7 |     9 |     4 |     9 ||    32
       Potion            |       |     4 |       |     4 |     1 ||     9
Armor: Leather armour    |    14 |    40 |       |       |       ||    54
       Troll leather arm |       |    13 |   100 |    38 |       ||   151
       Steam dragon scal |       |       |       |     8 |       ||     8
       Ring mail         |       |       |       |    79 |   165 ||   244
       Plate armour      |       |       |       |       |    20 ||    20
Dodge: Dodged            |    39 |    68 |   132 |   182 |   127 ||   548
Block: Other             |       |     6 |     5 |       |       ||    11
       Kite shield       |       |       |   255 |   465 |    75 ||   795
       Reflection        |       |       |     9 |     7 |    26 ||    42
       Tower shield      |       |       |       |       |   612 ||   612
       Rpst.: Long sword |    10 |    21 |    38 |       |       ||    69
       Scimitar          |       |       |     4 |    32 |    27 ||    63
